PBL
WINNIPEG GOLDEYES @ NEW JERSEY DEVILS
06/20/2049
 
TOP OF THE 1ST
Winnipeg Goldeyes batting - Pitching for New Jersey Devils : RHP Nick Rutscher
Pitching: RHP Nick Rutscher
Batting: RHB Settan Nakamura 0-0: Ball
1-0: Ball
2-0: Called Strike
2-1: Ground out 6-3 (Groundball, 6, EV 87.5 MPH)
Batting: SHB Rodrigo Mendoza 0-0: Foul Ball, location: 2F
0-1: Foul Ball, location: 2F
0-2: Foul Ball, location: 2F
0-2: Ball
1-2: Ball
2-2: Ball
3-2: Base on Balls
Batting: RHB Terry Oetker 0-0: Foul Ball, location: 2F
0-1: Foul Ball, location: 2F
0-2: Ball
1-2: Ball
2-2: 2-RUN HOME RUN (Flyball, 9D, EV 96.2 MPH), Distance : 364 ft
Batting: SHB Victor Turrubiate 0-0: Ball
1-0: SINGLE (Groundball, 6, EV 98.1 MPH)
Batting: RHB Itocravo Arrochela 0-0: Ball
1-0: Ball
2-0: Fielders Choice at 2nd, 4-6 (Groundball, 34, EV 85.0 MPH)
Batting: RHB Mike Berzins 0-0: Ball
1-0: Swinging Strike
1-1: Ball
2-1: Foul Ball, location: 2F
2-2: Ball
3-2: Fly out, F7 (Flyball, 7S, EV 93.8 MPH)
Top of the 1st over - 2 runs, 2 hits, 0 errors, 1 left on base; Winnipeg 2 - New Jersey 0
BOTTOM OF THE 1ST
New Jersey Devils batting - Pitching for Winnipeg Goldeyes : RHP Josh Dusek
Pitching: RHP Josh Dusek
Batting: RHB Oscar Ramirez 0-0: Swinging Strike
0-1: SINGLE (Groundball, 6D, EV 105.0 MPH)
Batting: RHB Duk-yoon Park 0-0: Grounds into double play, 4-6-3 (Groundball, 4MS, EV 86.9 MPH)
Batting: RHB Sergio Andrada 0-0: Fly out, F8 (Line Drive, 8RS, EV 91.2 MPH)
Bottom of the 1st over - 0 runs, 1 hit, 0 errors, 0 left on base; Winnipeg 2 - New Jersey 0
TOP OF THE 2ND
Winnipeg Goldeyes batting - Pitching for New Jersey Devils : RHP Nick Rutscher
Batting: SHB Tim Lloyd 0-0: Called Strike
0-1: Called Strike
0-2: Foul Ball, location: 2F
0-2: Foul Ball, location: 2F
0-2: Foul Ball, location: 2F
0-2: Ball
1-2: Foul Ball, location: 2F
1-2: Ball
2-2: Foul Ball, location: 2F
2-2: Ball
3-2: Ground out 4-3 (Groundball, 4, EV 86.2 MPH)
Batting: SHB Andy Ehrsam 0-0: Ball
1-0: Ball
2-0: Fly out, F8 (Flyball, 8LD, EV 75.6 MPH)
Batting: RHB Ricky Saucedo 0-0: Ball
1-0: Swinging Strike
1-1: TRIPLE (Flyball, 78XD, EV 107.5 MPH)
Batting: RHB Settan Nakamura 0-0: Ball
1-0: Ball
2-0: Ball
3-0: Base on Balls
Batting: SHB Rodrigo Mendoza 0-0: Ball
1-0: Called Strike
1-1: Ball
2-1: Ball
3-1: Base on Balls
Settan Nakamura to second
Batting: RHB Terry Oetker 0-0: Foul Ball, location: 2F
0-1: Ball
1-1: Ball
2-1: Ball
3-1: Base on Balls
Ricky Saucedo scores
Settan Nakamura to third
Rodrigo Mendoza to second
Batting: SHB Victor Turrubiate 0-0: Ball
1-0: Swinging Strike
1-1: Foul Ball, location: 2F
1-2: Ball
2-2: Ball
3-2: Base on Balls
Settan Nakamura scores
Rodrigo Mendoza to third
Terry Oetker to second
Batting: RHB Itocravo Arrochela 0-0: Ball
1-0: Called Strike
1-1: Foul Ball, location: 2F
1-2: GRAND SLAM HOME RUN (Flyball, 78XD, EV 109.4 MPH), Distance : 407 ft
Pitching: RHP Joachim Marot
Batting: RHB Mike Berzins 0-0: Ball
1-0: SINGLE (Line Drive, 6MD, EV 96.9 MPH)
Batting: SHB Tim Lloyd 0-0: Ball
Mike Berzins is caught stealing 2nd base 2-6
Top of the 2nd over - 6 runs, 3 hits, 0 errors, 0 left on base; Winnipeg 8 - New Jersey 0
BOTTOM OF THE 2ND
New Jersey Devils batting - Pitching for Winnipeg Goldeyes : RHP Josh Dusek
Batting: SHB Adonis Jones 0-0: Ball
1-0: Ball
2-0: Called Strike
2-1: Ball
3-1: Called Strike
3-2: Foul Ball, location: 2F
3-2: Fly out, F5 (Line Drive, 5L, EV 64.4 MPH)
Batting: LHB Mike Bolock 0-0: Called Strike
0-1: Ball
1-1: Foul Ball, location: 2F
1-2: Foul Ball, location: 2F
1-2: Ball
2-2: Ball
3-2: Base on Balls
Batting: SHB Devin Lambert 0-0: Hit by Pitch
Mike Bolock to second
Batting: LHB Rodolfo Alvarez 0-0: Foul Ball, location: 2F
0-1: Called Strike
0-2: Ball
1-2: Strikes out looking
Batting: LHB Jason Miller 0-0: Ball
1-0: Ball
2-0: Called Strike
2-1: DOUBLE (Groundball, 3D, EV 101.9 MPH)
Mike Bolock scores
Devin Lambert to third
Runner from 3rd tries for Home, SAFE, throw by RF to trailing runner, SAFE at third!
Batting: RHB Torsten Hodensack 0-0: Foul Ball, location: 2F
0-1: Swinging Strike
0-2: Hit by Pitch
Batting: RHB Oscar Ramirez 0-0: Ball
1-0: Fly out, F9 (Flyball, 9, EV 86.2 MPH)
Bottom of the 2nd over - 2 runs, 1 hit, 0 errors, 2 left on base; Winnipeg 8 - New Jersey 2
TOP OF THE 3RD
Winnipeg Goldeyes batting - Pitching for New Jersey Devils : RHP Joachim Marot
Batting: SHB Tim Lloyd 0-0: Called Strike
0-1: Foul Ball, location: 2F
0-2: Foul Ball, location: 2F
0-2: Ball
1-2: Foul Ball, location: 2F
1-2: Strikes out looking
Batting: SHB Andy Ehrsam 0-0: Fly out, F3 (Line Drive, 34, EV 71.2 MPH)
Batting: RHB Ricky Saucedo 0-0: Ball
1-0: Swinging Strike
1-1: Swinging Strike
1-2: Strikes out swinging, 2-3 out at first.
Top of the 3rd over - 0 runs, 0 hits, 0 errors, 0 left on base; Winnipeg 8 - New Jersey 2
BOTTOM OF THE 3RD
New Jersey Devils batting - Pitching for Winnipeg Goldeyes : RHP Josh Dusek
Batting: RHB Duk-yoon Park 0-0: Ball
1-0: Fly out, F7 (Flyball, 78M, EV 86.2 MPH)
Batting: RHB Sergio Andrada 0-0: Called Strike
0-1: Ball
1-1: Fly out, F9 (Line Drive, 9LM, EV 93.1 MPH)
Batting: SHB Adonis Jones 0-0: Ball
1-0: Ball
2-0: Reached on error, E1 (Groundball, 15S, EV 61.2 MPH)
Batting: LHB Mike Bolock 0-0: Called Strike
0-1: Ball
1-1: Foul Ball, location: 2F
1-2: Fly out, F9 (Flyball, 9D, EV 81.2 MPH)
Bottom of the 3rd over - 0 runs, 0 hits, 1 error, 1 left on base; Winnipeg 8 - New Jersey 2
TOP OF THE 4TH
Winnipeg Goldeyes batting - Pitching for New Jersey Devils : RHP Joachim Marot
Batting: RHB Settan Nakamura 0-0: Ball
1-0: Foul Ball, location: 2F
1-1: SINGLE (Groundball, 56D, EV 94.4 MPH)
Batting: SHB Rodrigo Mendoza 0-0: Ball
1-0: Ball
2-0: Grounds into double play, 4-6-3 (Groundball, 4, EV 103.1 MPH)
Batting: RHB Terry Oetker 0-0: Foul Ball, location: 2F
0-1: Ball
1-1: Ball
2-1: Fly out, F8 (Flyball, 8LD, EV 109.4 MPH)
Top of the 4th over - 0 runs, 1 hit, 0 errors, 0 left on base; Winnipeg 8 - New Jersey 2
BOTTOM OF THE 4TH
New Jersey Devils batting - Pitching for Winnipeg Goldeyes : RHP Josh Dusek
Batting: SHB Devin Lambert 0-0: Ball
1-0: Fly out, F7 (Flyball, 78D, EV 90.6 MPH)
Batting: LHB Rodolfo Alvarez 0-0: Ball
1-0: Ball
2-0: Ball
3-0: Called Strike
3-1: Base on Balls
Batting: LHB Jason Miller 0-0: Swinging Strike
0-1: Foul Ball, location: 2F
0-2: Ball
1-2: Ball
2-2: Foul Ball, location: 2F
2-2: Ball
Wild Pitch!
Rodolfo Alvarez to second
3-2: Strikes out looking
Batting: RHB Torsten Hodensack 0-0: Foul Ball, location: 2F
0-1: Swinging Strike
0-2: Ball
1-2: Strikes out swinging
Bottom of the 4th over - 0 runs, 0 hits, 0 errors, 1 left on base; Winnipeg 8 - New Jersey 2
TOP OF THE 5TH
Winnipeg Goldeyes batting - Pitching for New Jersey Devils : RHP Joachim Marot
Batting: SHB Victor Turrubiate 0-0: Swinging Strike
0-1: Ball
1-1: Foul Ball, location: 2F
1-2: Ball
2-2: Ball
3-2: TRIPLE (Line Drive, 78XD, EV 106.9 MPH)
Batting: RHB Itocravo Arrochela 0-0: Foul Ball, location: 2F
0-1: Ground out 4-3 (Groundball, 13, EV 91.9 MPH)
Victor Turrubiate scores
Batting: RHB Mike Berzins 0-0: Ball
1-0: SINGLE (Groundball, 4M, EV 99.4 MPH)
Batting: SHB Tim Lloyd 0-0: Called Strike
Mike Berzins steals 2nd base
0-1: DOUBLE (Flyball, 9LM, EV 110.0 MPH)
Mike Berzins scores
Batting: SHB Andy Ehrsam 0-0: Ball
1-0: Ball
2-0: Swinging Strike
2-1: Foul Ball, location: 2F
2-2: Foul Ball, location: 2F
2-2: Foul Ball, location: 2F
2-2: Ball
3-2: Strikes out swinging
Batting: RHB Ricky Saucedo 0-0: Ball
1-0: Swinging Strike
1-1: Foul Ball, location: 2F
1-2: Ball
2-2: Strikes out swinging
Top of the 5th over - 2 runs, 3 hits, 0 errors, 1 left on base; Winnipeg 10 - New Jersey 2
BOTTOM OF THE 5TH
New Jersey Devils batting - Pitching for Winnipeg Goldeyes : RHP Josh Dusek
Batting: RHB Oscar Ramirez 0-0: SINGLE (Groundball, 56, EV 98.1 MPH) (infield hit)
Batting: RHB Duk-yoon Park 0-0: Called Strike
0-1: Ball
1-1: Grounds into double play, 6-4-3 (Groundball, 6M, EV 88.8 MPH)
Batting: RHB Sergio Andrada 0-0: Ball
1-0: Ball
2-0: Foul Ball, location: 2F
2-1: Foul Ball, location: 2F
2-2: Strikes out looking
Bottom of the 5th over - 0 runs, 1 hit, 0 errors, 0 left on base; Winnipeg 10 - New Jersey 2
TOP OF THE 6TH
Winnipeg Goldeyes batting - Pitching for New Jersey Devils : RHP Joachim Marot
Batting: RHB Settan Nakamura 0-0: Foul Ball, location: 2F
0-1: Called Strike
0-2: Foul Ball, location: 2F
0-2: DOUBLE (Line Drive, 78D, EV 113.8 MPH)
Pitching: LHP Adam Howell
Batting: SHB Rodrigo Mendoza 0-0: Ball
1-0: Ball
2-0: Called Strike
2-1: Swinging Strike
2-2: Ball
3-2: SINGLE (Groundball, 4MD, EV 106.2 MPH)
Settan Nakamura to third
Batting: RHB Terry Oetker 0-0: Foul Ball, location: 2F
0-1: Swinging Strike
0-2: Fly out, F8 (Flyball, 89XD, EV 84.4 MPH)
Runner from 3rd tags up, SCORES, no throw by CF
Batting: SHB Victor Turrubiate 0-0: Foul Ball, location: 2F
0-1: Called Strike
0-2: Ball
1-2: Ball
2-2: Ball
Wild Pitch!
Rodrigo Mendoza to second
3-2: Foul Ball, location: 2F
3-2: Ground out 6-3 (Groundball, 6, EV 87.5 MPH)
Rodrigo Mendoza to third
Batting: RHB Itocravo Arrochela 0-0: Ball
1-0: Ball
2-0: Called Strike
2-1: Foul Ball, location: 2F
2-2: Ground out 5-3 (Groundball, 56, EV 87.5 MPH)
Top of the 6th over - 1 run, 2 hits, 0 errors, 1 left on base; Winnipeg 11 - New Jersey 2
BOTTOM OF THE 6TH
New Jersey Devils batting - Pitching for Winnipeg Goldeyes : RHP Josh Dusek
Batting: SHB Adonis Jones 0-0: Called Strike
0-1: Foul Ball, location: 2F
0-2: Ball
1-2: Foul Ball, location: 2F
1-2: Ball
2-2: Ball
3-2: Ground out 6-3 (Groundball, 56, EV 86.2 MPH)
Batting: LHB Mike Bolock 0-0: Hit by Pitch
Batting: SHB Devin Lambert 0-0: Foul Ball, location: 2F
0-1: Ball
1-1: Ball
2-1: Ball
3-1: Foul Ball, location: 2F
3-2: Strikes out swinging
Batting: LHB Rodolfo Alvarez 0-0: Called Strike
0-1: Ball
1-1: Ball
2-1: Ball
3-1: Called Strike
3-2: Strikes out swinging
Bottom of the 6th over - 0 runs, 0 hits, 0 errors, 1 left on base; Winnipeg 11 - New Jersey 2
TOP OF THE 7TH
Winnipeg Goldeyes batting - Pitching for New Jersey Devils : LHP Adam Howell
Pinch Hitting: RHB George Bigalow 0-0: Ball
1-0: Foul Ball, location: 2F
1-1: Ground out 6-3 (Groundball, 6, EV 81.2 MPH)
Pinch Hitting: LHB Nick Minor 0-0: Foul Ball, location: 2F
0-1: Ground out U3 (Groundball, 3, EV 97.5 MPH)
Pinch Hitting: LHB Dave Spray 0-0: Ball
1-0: Ball
2-0: Fly out, F7 (Line Drive, 78M, EV 98.1 MPH)
Top of the 7th over - 0 runs, 0 hits, 0 errors, 0 left on base; Winnipeg 11 - New Jersey 2
BOTTOM OF THE 7TH
New Jersey Devils batting - Pitching for Winnipeg Goldeyes : RHP Josh Dusek
Now in LF: Ben Buker
Now in CF: Nick Minor
Now in RF: Dave Spray
Batting: LHB Jason Miller 0-0: Called Strike
0-1: Ball
1-1: Ball
2-1: Ball
3-1: Base on Balls
Pitching: RHP Blake Rhoderick
Batting: RHB Torsten Hodensack 0-0: Fly out, F8 (Line Drive, 8LD, EV 90.0 MPH)
Batting: RHB Oscar Ramirez 0-0: Ball
1-0: Ball
2-0: Called Strike
2-1: Ball
3-1: Called Strike
3-2: Foul Ball, location: 2F
3-2: Strikes out looking
Batting: RHB Duk-yoon Park 0-0: Fly out, F5 (Popup, 25F, EV 86.2 MPH)
Bottom of the 7th over - 0 runs, 0 hits, 0 errors, 1 left on base; Winnipeg 11 - New Jersey 2
TOP OF THE 8TH
Winnipeg Goldeyes batting - Pitching for New Jersey Devils : LHP Adam Howell
Batting: RHB Ricky Saucedo 0-0: Swinging Strike
0-1: Swinging Strike
0-2: Strikes out swinging
Pinch Hitting: SHB Ed Mosqueda 0-0: Called Strike
0-1: Ball
1-1: Swinging Strike
1-2: Foul Ball, location: 2F
1-2: Foul Ball, location: 2F
1-2: Strikes out swinging
Pinch Hitting: RHB Corey Bradley 0-0: Ball
1-0: Called Strike
1-1: Ball
2-1: Foul Ball, location: 2F
2-2: Foul Ball, location: 2F
2-2: Strikes out looking
Top of the 8th over - 0 runs, 0 hits, 0 errors, 0 left on base; Winnipeg 11 - New Jersey 2
BOTTOM OF THE 8TH
New Jersey Devils batting - Pitching for Winnipeg Goldeyes : RHP Blake Rhoderick
Now at 2B: Ed Mosqueda
Now at 3B: Corey Bradley
Batting: RHB Sergio Andrada 0-0: Ball
1-0: Ball
2-0: Swinging Strike
2-1: Called Strike
2-2: Strikes out swinging
Batting: SHB Adonis Jones 0-0: Called Strike
0-1: Foul Ball, location: 2F
0-2: Reached on error, E3 (Groundball, 34S, EV 85.6 MPH)
Batting: LHB Mike Bolock 0-0: Ball
1-0: Ball
2-0: Ball
3-0: Base on Balls
Adonis Jones to second
Batting: SHB Devin Lambert 0-0: Ball
Wild Pitch!
Adonis Jones to third
Mike Bolock to second
1-0: Called Strike
1-1: Ball
2-1: Called Strike
2-2: Strikes out swinging
Batting: LHB Rodolfo Alvarez 0-0: Called Strike
0-1: Ball
1-1: Ball
2-1: Foul Ball, location: 2F
2-2: Ball
3-2: Base on Balls
Batting: LHB Jason Miller 0-0: Called Strike
0-1: Ball
1-1: Ball
2-1: Foul Ball, location: 2F
2-2: Strikes out swinging
Bottom of the 8th over - 0 runs, 0 hits, 1 error, 3 left on base; Winnipeg 11 - New Jersey 2
TOP OF THE 9TH
Winnipeg Goldeyes batting - Pitching for New Jersey Devils : LHP Adam Howell
Pitching: RHP Andy Corcoran
Pinch Hitting: RHB Gary Smith 0-0: Ball
1-0: Ball
2-0: Ball
3-0: Base on Balls
Batting: SHB Victor Turrubiate 0-0: Fly out, F8 (Flyball, 8LM, EV 84.4 MPH)
Batting: RHB Itocravo Arrochela 0-0: Called Strike
0-1: Ball
1-1: Ball
2-1: Called Strike
2-2: Foul Ball, location: 2F
2-2: Ball
3-2: Foul Ball, location: 2F
3-2: Foul Ball, location: 2F
3-2: Foul Ball, location: 2F
3-2: Strikes out swinging
Pinch Hitting: SHB Nadhir Umayr 0-0: Ball
1-0: Ball
2-0: Ball
3-0: Base on Balls
Gary Smith to second
Pinch Hitting: RHB Mitsuhiro Kobayashi 0-0: Ball
1-0: Foul Ball, location: 2F
1-1: SINGLE (Groundball, 6MD, EV 108.8 MPH)
Gary Smith to third
Nadhir Umayr to second
Pinch Hitting: RHB Kenny Reynolds 0-0: Ball
1-0: Called Strike
1-1: Foul Ball, location: 2F
1-2: Strikes out looking
Top of the 9th over - 0 runs, 1 hit, 0 errors, 3 left on base; Winnipeg 11 - New Jersey 2
BOTTOM OF THE 9TH
New Jersey Devils batting - Pitching for Winnipeg Goldeyes : RHP Blake Rhoderick
Pitching: RHP Chris Shields
Now at 1B: Nadhir Umayr
Now in LF: Jonathan Gilley
Now in CF: Kenny Reynolds
Now in RF: Brian Knowles
Pinch Hitting: LHB Miguel Quizhpi 0-0: Ball
1-0: Called Strike
1-1: Swinging Strike
1-2: Foul Ball, location: 2F
1-2: Ball
2-2: Strikes out swinging
Pinch Hitting: RHB John Carpenter 0-0: Ground out 6-3 (Groundball, 6, EV 103.1 MPH)
Pinch Hitting: LHB Tao Li 0-0: SINGLE (Line Drive, 9S, EV 101.2 MPH)
Batting: RHB Sergio Andrada 0-0: Foul Ball, location: 2F
0-1: Foul Ball, location: 2F
0-2: Ball
1-2: Strikes out swinging
Bottom of the 9th over - 0 runs, 1 hit, 0 errors, 1 left on base; Winnipeg 11 - New Jersey 2
Sunday, July 16th , 2023 - OOTP Baseball 24.6 Build 69